 Dungeon Crawl Stone Soup version 0.19.3-1-g3169bf9 (webtiles) character file.

61 Clownie the Chopper (level 4, -13/33 HPs)
             Began as a Formicid Gladiator on Jan 25, 2017.
             Mangled by Crazy Yiuf
             ... wielding a +3 quarterstaff of chaos
              (18 damage)
             ... on level 2 of the Dungeon.
             The game lasted 00:01:28 (1496 turns).

Clownie the Chopper (Formicid Gladiator)            Turns: 1496, Time: 00:01:29

Health: -13/33     AC: 12    Str: 20    XL:     4   Next: 27%
Magic:  4/4        EV:  6    Int:  8    God:
Gold:   67         SH:  9    Dex: 11    Spells: 0 memorised, 3 levels left

rFire  . . .     SeeInvis +     a - +0 war axe
rCold  . . .     Gourm    .     s - +0 chain mail
rNeg   . . .     Faith    .     i - +0 shield
rPois  .         Spirit   .     (helmet unavailable)
rElec  .         Reflect  .     (no cloak)
rCorr  .         Harm     .     (no gloves)
MR     .....                    (no boots)
Stlth  ..........               (no amulet)
                                v - +4 ring of protection
                                q - ring of wizardry

@: lethally poisoned (-13 -> -31), drained
A: permanent stasis, dig shafts and tunnels, four strong arms, antennae 3
a: Dig, Shaft Self


You were on level 2 of the Dungeon.
You were hungry.

You visited 1 branch of the dungeon, and saw 2 of its levels.

You collected 67 gold pieces.

Inventory:

Hand Weapons
 a - a +0 war axe (weapon)
Missiles
 c - a throwing net (quivered)
Armour
 i - a +0 shield (worn)
 s - a +0 chain mail (worn)
Jewellery
 q - a ring of wizardry (left hand)
 v - a +4 ring of protection (right hand)
Scrolls
 e - a scroll of identify {unknown}
 f - a scroll of immolation {unknown}
 l - a scroll of recharging {unknown}
 p - a scroll of enchant weapon {unknown}
 t - a scroll of remove curse {unknown}
Potions
 b - a potion of might {unknown}
 h - 2 potions of haste {unknown}
 j - 3 potions of heal wounds {unknown}
 k - a potion of degeneration {unknown}
 n - 2 potions of flight {unknown}
 o - a potion of curing {unknown}
 r - 2 potions of experience {unknown}
 w - a potion of invisibility {unknown}
Comestibles
 d - 3 bread rations
 g - a slice of pizza
 m - 2 meat rations
 u - a beef jerky


   Skills:
 - Level 2.1(1.9) Fighting
 - Level 3.6(3.3) Axes
 - Level 2.0(1.7) Throwing
 + Level 1.4(1.2) Armour
 - Level 2.6(2.4) Dodging
 + Level 2.9(2.7) Shields


You had 3 spell levels left.
You didn't know any spells.

Dungeon Overview and Level Annotations

Branches:
Dungeon (2/15)

Altars:

Annotations:
D:2 Crazy Yiuf


Innate Abilities, Weirdness & Mutations

You are under a permanent stasis effect.
You can dig through walls and to a lower floor.
Your four strong arms can wield two-handed weapons with a shield.
You have a pair of large antennae on your head. (SInv)


Message History

You feel sick.
Crazy Yiuf hits you with a quarterstaff of chaos.
You block Crazy Yiuf's attack.
You hit Crazy Yiuf but do no damage.
Crazy Yiuf is almost dead.
You feel sick.
Crazy Yiuf hits you with a quarterstaff of chaos.
* * * LOW HITPOINT WARNING * * *
You are lethally poisoned!
You are too injured to fight recklessly!
You are too injured to fight recklessly!
You completely miss Crazy Yiuf.
Crazy Yiuf is almost dead.
* * * LOW HITPOINT WARNING * * *
You feel sick.
Crazy Yiuf hits you with a quarterstaff of chaos.
* * * LOW HITPOINT WARNING * * *
You are electrocuted!
Ouch! That really hurt!
You die...

.##.#.......####
#.(...(###
.##.#.......#
######.#
....#.......# #.#
###.#.....### #.#
###[#.....# #.#
....#.....# #.##
.##.#.....# ####
♣♣##..#
.##.#.....#
#)..#♣♣ ♣..#..#
..#.#.....#
#(.g@.♣♣♣♣♣.....#
#.#.#.....#
#...#♣..♣......##
#...#†....# ####
♣♣♣.♣...###
##..#.....#
♣♣♣♣♣##
...>..#####
#####.### #
#....# # #....# #
#....#


You could see Crazy Yiuf.

Vanquished Creatures
  An adder (D:2)
  2 dart slugs
  3 leopard geckos
  3 bats (D:1)
  3 giant cockroaches (D:2)
  6 goblins
  4 hobgoblins (D:2)
  11 jackals
  2 frilled lizards
  2 kobolds
  3 rats
40 creatures vanquished.

Notes
Turn   | Place    | Note
-------+----------+-------------------------------------------
     0 | D:1      | Clownie the Formicid Gladiator began the quest for the Orb.
     0 | D:1      | Reached XP level 1. HP: 16/16 MP: 1/1
   464 | D:1      | Reached XP level 2. HP: 22/22 MP: 2/2
   998 | D:1      | Reached skill level 1 in Shields
  1153 | D:2      | Reached XP level 3. HP: 25/27 MP: 3/3
  1199 | D:2      | Reached skill level 1 in Armour
  1304 | D:2      | Reached XP level 4. HP: 25/33 MP: 4/4
  1341 | D:2      | Found a faded altar of an unknown god.
  1367 | D:2      | Found a runed door.
  1485 | D:2      | Noticed Crazy Yiuf
  1496 | D:2      | Mangled by Crazy Yiuf

Skill      XL: |  1  2  3 |
---------------+----------+-----
Shields        | 1 2 |  2.9
Armour         | 1 |  1.4
Fighting       | |  2.1
Axes           | |  3.6
Throwing       | |  2.0
Dodging        | |  2.6

Action                   |  1- 3 |  4- 6 || total
-------------------------+-------+-------++-------
Melee: War axe           |    79 |    24 ||   103
Throw: Throwing net      |       |     2 ||     2
 Stab: Held in net/web   |       |     1 ||     1
  Eat: Chunk             |     1 |       ||     1
Armor: Leather armour    |    14 |       ||    14
       Chain mail        |    35 |    29 ||    64
Dodge: Dodged            |    39 |    18 ||    57
Block: Shield            |    28 |    26 ||    54
